 Dungeon Crawl Stone Soup version 0.29.1-13-g9f3cf754e1 (webtiles) character file.

Game seed: 4827294597011841786

12971 sanboga the Cleaver (level 12, 0/115 HPs)
             Began as a Gargoyle Berserker on Jan 30, 2023.
             Was a High Priest of Trog.
             Slain by an acid dragon (10 damage)
             ... on level 11 of the Dungeon.
             The game lasted 00:12:39 (10600 turns).

sanboga the Cleaver (Gargoyle Berserker)           Turns: 10600, Time: 00:12:40

Health: 0/115      AC: 28    Str: 26    XL:     12   Next: 1%
Magic:  12/12      EV:  8    Int:  8    God:    Trog [*****.]
Gold:   569        SH:  0    Dex: 15    Spells: 11/11 levels left

rFire   . . .      SeeInvis .   a - +10 war axe of Disharmony {vorpal, +Blink rCorr Stlth-}
rCold   . . .      Faith    .   (no shield)
rNeg    + . .      Spirit   .   q - +0 plate armour
rPois   ∞          Reflect  .   r - +2 helmet
rElec   +          Harm     .   (no cloak)
rCorr   +          Rampage  .   (no gloves)
Will    .....                   p - +0 pair of boots
Stlth   ..........              (no amulet)
HPRegen 0.29/turn               s - +6 ring of dexterity
MPRegen 0.13/turn               (no ring)

@: berserking, very quick
A: sickness immunity, AC +8, negative energy resistance 1, electricity
resistance, torment resistance 1, petrification resistance
a: Renounce Religion, Evoke Blink, Berserk, Trog's Hand, Brothers in Arms


You were on level 11 of the Dungeon.
You worshipped Trog.
Trog was extremely pleased with you.
You visited 1 branch of the dungeon, and saw 11 of its levels.

You collected 569 gold pieces.

Inventory:

Hand Weapons
 a - the +10 war axe of Disharmony (weapon) {vorpal, +Blink rCorr Stlth-}
   (You found it on level 3 of the Dungeon)

   It inflicts extra damage upon your enemies.
   +Blink:    It lets you blink.
   rCorr:     It protects you from acid and corrosion.
   Stlth:     It makes you less stealthy.
Armour
 d - a +1 tower shield
 p - a +0 pair of boots (worn)
 q - a +0 plate armour (worn)
 r - a +2 helmet (worn)
Jewellery
 s - a +6 ring of dexterity (left hand)
Wands
 l - a wand of acid (6)
 u - a wand of charming (7)
Scrolls
 b - a scroll of teleportation
 h - 3 scrolls of enchant armour
 j - 4 scrolls of enchant weapon
 k - 2 scrolls of identify
 n - a scroll of silence
 t - a scroll of magic mapping
 w - a scroll of noise {unknown}
Potions
 c - 3 potions of curing
 e - a potion of haste
 f - 2 potions of heal wounds
 g - 3 potions of cancellation
 i - 2 potions of ambrosia
 m - 4 potions of flight
 o - 5 potions of mutation
 x - a potion of berserk rage {unknown}
 z - a potion of invisibility {unknown}


   Skills:
 + Level 10.0 Fighting
 * Level 11.4 Axes
 + Level 9.7 Armour
 - Level 1.5 Dodging
 + Level 9.0 Shields


You had 11 spell levels left.
You didn't know any spells.
Your spell library was empty.

Dungeon Overview and Level Annotations

Branches:
Dungeon (11/15)            Temple (0/1) D:5            Lair (0/5) D:9
    Orc: D:9-12

Altars:
Dithmenos
Fedhas
Kikubaaqudgha
Nemelex Xobeh
Ru
Sif Muna
Uskayaw
Xom
Zin

Shops:
D:9 (

Annotations:
D:10 1 runed translucent door, Tang's ghost, journeyman MeFi


Innate Abilities, Weirdness & Mutations

You are immune to sickness and miasma.
Your stone body is resilient. (AC +8)
You are immune to poison.
You resist negative energy. (rN+)
You are resistant to electric shocks. (rElec)
You are resistant to unholy torment.
You are immune to petrification.


Message History

The four-headed hydra closely misses you.
The four-headed hydra misses you.
The four-headed hydra barely misses you.
As you read the scroll of teleportation, it crumbles to dust.
You feel strangely unstable.
The four-headed hydra bites you but does no damage.
The four-headed hydra bites you! The four-headed hydra bites you.
* * * LOW HITPOINT WARNING * * *
The four-headed hydra barely misses you.
An electric eel comes into view.
The electric eel shoots out a bolt of lightning at you!
The bolt of electricity hits you. You resist.
* * * LOW HITPOINT WARNING * * *
The electric eel shoots out a bolt of lightning at you!
The bolt of electricity hits you. You resist.
* * * LOW HITPOINT WARNING * * *
The bolt of electricity hits you. You resist.
* * * LOW HITPOINT WARNING * * *
The bolt of electricity misses the electric eel.
The electric eel shoots out a bolt of lightning at you!
The bolt of electricity hits you. You resist.
* * * LOW HITPOINT WARNING * * *
You hear two shouts!
Your surroundings suddenly seem different.
An acid dragon comes into view.
Found 5 stones.
Found an escape hatch in the ceiling.
The acid dragon roars!
A red film seems to cover your vision as you go berserk!
You feel yourself moving faster!
You feel mighty! The acid dragon spits acid at you.
The splash of acid hits you! You resist.
* * * LOW HITPOINT WARNING * * *
You hear an angry hiss.
You feel a strong urge to attack something.
The acid dragon bites you but does no damage.
The acid dragon claws you but does no damage.
You slash the acid dragon!
The acid dragon is heavily wounded.
The acid dragon bites you!
You die...

###.. ##....
#..... #.....
# .#.....###
.## ......<..
.... #...#.D#
.....
#.....@#......
##........(...
#...#........
#...#....#...
.... #........
..###
#..##.... .
#... ....
#.... #... ..#
~~~.. ..≈~≈ ..


You could see an acid dragon (catching breath).

Vanquished Creatures
  3 two-headed ogres
  5 skeletal warriors
  2 kobold demonologists
  Psyche (D:8)
  A komodo dragon (D:10)
  A tengu conjurer (D:10)
  2 trolls
  A hornet (D:8)
  A shadow (D:8)
  5 wyverns
  Grum (D:8)
  2 wraiths
  A steam dragon (D:9)
  A basilisk (D:9)
  An acid dragon (D:9)
  4 water moccasins
  6 black bears
  3 orc warriors
  5 ice beasts
  4 centaurs
  An ogre (D:5)
  4 wolves
  10 kobold brigands
  3 bullfrogs
  2 necrophages
  A gnoll sergeant (D:7)
  4 scorpions
  2 wights (D:10)
  10 killer bees
  4 hounds
  3 orc priests
  A gnoll bouda (D:6)
  2 jellies (D:5)
  9 orc wizards
  An iguana (D:5)
  4 gnolls (D:7)
  3 adders
  A shadow imp (D:7)
  2 white imps (D:5)
  4 dart slugs
  A worm (D:2)
  20 orcs
  7 ball pythons
  4 bats
  10 endoplasms
  7 giant cockroaches
  7 goblins
  7 hobgoblins
  5 jackals (D:1)
  5 quokkas
  3 training dummies (D:9)
  4 frilled lizards
  32 kobolds
  7 rats
240 creatures vanquished.

Vanquished Creatures (others)
  An orc (D:10)
  8 fungi (D:9)
  18 plants (D:9)
27 creatures vanquished.

Grand Total: 267 creatures vanquished

Notes
Turn   | Place    | Note
-------+----------+-------------------------------------------
     0 | D:1      | sanboga the Gargoyle Berserker began the quest for the Orb.
     0 | D:1      | Reached XP level 1. HP: 14/14 MP: 1/1
   333 | D:1      | Reached XP level 2. HP: 19/19 MP: 2/2
   355 | D:1      | Reached skill level 3 in Axes
   930 | D:1      | Reached XP level 3. HP: 19/23 MP: 3/3
  1281 | D:2      | Reached ** piety under Trog
  1328 | D:2      | Found a faded altar of an unknown god.
  1531 | D:2      | Reached XP level 4. HP: 24/29 MP: 4/4
  2458 | D:3      | Reached skill level 1 in Shields
  2475 | D:3      | Reached XP level 5. HP: 33/33 MP: 5/5
  2535 | D:3      | Reached skill level 4 in Axes
  2545 | D:3      | Reached *** piety under Trog
  2915 | D:3      | Identified the +10 war axe of Disharmony {vorpal, +Blink
                  | rCorr Stlth-}
  3143 | D:4      | Reached XP level 6. HP: 39/39 MP: 6/6
  4057 | D:5      | Entered Level 5 of the Dungeon
  4057 | D:5      | Noticed an ice beast
  4062 | D:5      | Killed an ice beast
  4101 | D:5      | Reached skill level 5 in Axes
  4101 | D:5      | Reached XP level 7. HP: 44/44 MP: 7/7
  4193 | D:5      | Reached skill level 5 in Fighting
  4224 | D:5      | HP: 1/44 [ice beast (6)]
  4384 | D:5      | Found a staircase to the Ecumenical Temple.
  4545 | D:5      | Reached XP level 8. HP: 47/50 MP: 8/8
  4701 | D:6      | Reached skill level 6 in Axes
  4701 | D:6      | Reached skill level 5 in Armour
  5051 | D:6      | Reached **** piety under Trog
  5258 | D:6      | Found an ancient bone altar of Kikubaaqudgha.
  5258 | D:6      | Noticed a kobold demonologist
  5268 | D:6      | Noticed a sun demon
  5268 | D:6      | Killed a kobold demonologist
  5269 | D:6      | Reached skill level 7 in Axes
  5269 | D:6      | Reached skill level 5 in Shields
  5269 | D:6      | Reached XP level 9. HP: 52/56 MP: 9/9
  5277 | D:6      | Found a blossoming altar of Fedhas.
  5282 | D:6      | Found a shadowy altar of Dithmenos.
  5285 | D:6      | Found a shimmering blue altar of Sif Muna.
  5896 | D:7      | Found a faded altar of an unknown god.
  6072 | D:8      | Noticed a two-headed ogre
  6072 | D:8      | Found a hide-covered altar of Uskayaw.
  6079 | D:8      | Killed a two-headed ogre
  6080 | D:8      | Reached skill level 8 in Axes
  6307 | D:8      | Noticed a hornet
  6318 | D:8      | Killed a hornet
  6319 | D:8      | Reached XP level 10. HP: 39/64 MP: 10/10
  6675 | D:8      | Noticed Grum
  6681 | D:8      | Reached skill level 9 in Axes
  6684 | D:8      | Killed Grum
  6797 | D:8      | Noticed Psyche
  6803 | D:8      | Killed Psyche
  6832 | D:8      | Found a sacrificial altar of Ru.
  6846 | D:8      | Found a sparkling altar of Nemelex Xobeh.
  7086 | D:9      | Reached ***** piety under Trog
  7132 | D:9      | HP: 1/64 [wyvern (9)]
  7664 | D:9      | Found a staircase to the Lair.
  7805 | D:9      | Found Niuwo Equ's Firing Range.
  7811 | D:9      | Reached skill level 10 in Axes
  7814 | D:9      | Reached XP level 11. HP: 44/69 MP: 11/11
  8487 | D:10     | Entered Level 10 of the Dungeon
  8646 | D:10     | Found a glowing silver altar of Zin.
  8649 | D:10     | Noticed a two-headed ogre
  8693 | D:10     | Killed a two-headed ogre
  8898 | D:10     | Found a runed translucent door.
  8906 | D:10     | Found a shimmering altar of Xom.
  8906 | D:10     | Noticed a +2 scimitar of chaos
  8906 | D:10     | Noticed Tang's ghost (journeyman MeFi)
  9401 | D:11     | Noticed a skeletal warrior
  9425 | D:10     | Killed a skeletal warrior
  9573 | D:11     | Noticed a skeletal warrior
  9739 | D:11     | Noticed a skeletal warrior
  9739 | D:11     | Noticed a skeletal warrior
  9739 | D:11     | Noticed a skeletal warrior
  9752 | D:10     | Killed a skeletal warrior
  9753 | D:10     | Reached skill level 11 in Axes
  9924 | D:10     | Killed a skeletal warrior
 10045 | D:10     | Killed a skeletal warrior
 10110 | D:11     | Killed a skeletal warrior
 10313 | D:11     | Noticed a two-headed ogre
 10325 | D:11     | Killed a two-headed ogre
 10326 | D:11     | Reached skill level 10 in Fighting
 10546 | D:11     | Reached XP level 12. HP: 77/77 MP: 12/12
 10552 | D:11     | Noticed a four-headed hydra
 10562 | D:11     | HP: 1/77 [four-headed hydra (11)]
 10600 | D:11     | Slain by an acid dragon

Illustrated notes

Levels and vault maps discovered:
D:1:      lightli_molten_gateway, layout_basic
D:2:      layout_rooms, chequers_ecumenical_altar_island
D:3:      layout_rooms, minmay_fractal_squares_diagonal_5
D:4:      layout_basic, eino_tiny_chamber
D:5:      layout_cave_pools, minmay_temple_entry_trees
D:6:      layout_cave_pools, grunt_temple_overflow_cloverleaf, minmay_between
D:7:      layout_cave_pools, serial_column_ruins, column_ruins_temple_circle,
          column_ruins_open_tiny, column_ruins_corridor_straight,
          column_ruins_corridor_plus, column_ruins_corridor_T,
          column_ruins_open_large
D:8:      layout_rooms, nicolae_ru_awakened_eye, hangedman_feature_mirror,
          uniq_psyche, uniq_grum
D:9:      layout_rooms, minmay_lair_entry_grove, nicolae_shop_firing_range
D:10:     layout_cave_pools, mainiacjoe_overflow_concentric_impassable,
          ebering_ghost_xom
D:11:     evilmike_iron_armoury, layout_basic, billiards_dpeg

Skill      XL: |  1  2  3  4  5  6  7  8  9 10 11 |
---------------+----------------------------------+-----
Axes           | 3 4 5 7 8 10 11 | 11.4
Armour         | 3 4 6 7 8 9 |  9.7
Fighting       | 4 5 6 7 8 10 | 10.0
Shields        | 1 2 3 5 6 7 9 |  9.0
Dodging        | |  1.5

Action                   |  1- 3 |  4- 6 |  7- 9 | 10-12 || total
-------------------------+-------+-------+-------+-------++-------
Melee: Hand axe          |    94 |   126 |       |       ||   220
       War axe           |       |    25 |   130 |   219 ||   374
       Punch             |       |       |     1 |     2 ||     3
Invok: Berserk           |     1 |       |     1 |     9 ||    11
Evoke: Wand              |       |       |       |    14 ||    14
  Use: Scroll            |       |    11 |     5 |     4 ||    20
       Potion            |       |       |     4 |     3 ||     7
 Stab: Sleeping          |     3 |       |       |       ||     3
       Distracted        |       |       |       |     1 ||     1
Armor: Animal skin       |    45 |    58 |       |       ||   103
       Chain mail        |       |    15 |    45 |       ||    60
       Plate armour      |       |       |    79 |   252 ||   331
Dodge: Dodged            |    75 |    91 |    72 |   141 ||   379
